 Dungeon Crawl Stone Soup version 0.17-a0-1481-gfdcec5c (webtiles) character file.

841 Fluffy the Skirmisher (level 8, -8/51 HPs)
             Began as a Gargoyle Fighter on July 4, 2015.
             Was a Believer of Makhleb.
             Mangled by a two-headed ogre
             ... wielding a +0 giant club
              (18 damage)
             ... on level 6 of the Dungeon.
             The game lasted 00:08:41 (4382 turns).

Fluffy the Skirmisher (Gargoyle Fighter)            Turns: 4382, Time: 00:08:42

Health: -8/51      AC: 17    Str: 19    XL:     8   Next: 0%
Magic:  9/9        EV:  5    Int: 12    God:    Makhleb [**....]
Gold:   386        SH: 10    Dex: 11    Spells: 0 memorised, 7 levels left

rFire  + . .     SeeInvis .     a - +0 flail
rCold  . . .     Clarity  .     w - +0 chain mail
rNeg   + + .     SustAt   .     c - +0 shield
rPois  ∞         Gourm    .     A - +0 helmet
rElec  +         Spirit   .     (no cloak)
rCorr  .         Warding  +     (no gloves)
rMut   .         Stasis   .     z - +0 pair of boots
MR     .....                    r - amulet of warding
Stlth  ..........               u - ring of protection from fire
                                l - +2 ring of intelligence

@: not resistant to hostile enchantments, extremely unstealthy
A: negative energy resistance 1, electricity resistance, unbreathing,
petrification resistance, rot immunity, AC +5
a: Minor Destruction, Renounce Religion


You were on level 6 of the Dungeon.
You worshipped Makhleb.
Makhleb was pleased with you.
You were not hungry.

You visited 2 branches of the dungeon, and saw 7 of its levels.

You collected 386 gold pieces.

Inventory:

Hand weapons
 a - a +0 flail (weapon)
Armour
 c - a +0 shield (worn)
 w - a +0 chain mail (worn)
 z - a +0 pair of boots (worn)
 A - a +0 helmet (worn)
Jewellery
 l - a +2 ring of intelligence (left hand)
 r - an amulet of warding (around neck)
 u - a ring of protection from fire (right hand)
Magical devices
 s - a wand of fireball (7)
 y - a wand of polymorph (8)
Scrolls
 f - 2 scrolls of recharging {unknown}
 g - 7 scrolls of identify {unknown}
 h - 4 scrolls of remove curse {unknown}
 i - 4 scrolls of teleportation {unknown}
 j - a scroll of random uselessness {unknown}
 k - a scroll of magic mapping {unknown}
 q - 2 scrolls of enchant armour {unknown}
 x - a scroll of blinking {unknown}
 E - a scroll of immolation {unknown}
Potions
 b - a potion of berserk rage {unknown}
 d - 2 potions of might
 n - 3 potions of heal wounds {unknown}
 p - a potion of flight {unknown}
 v - a potion of resistance {unknown}
 B - a potion of mutation {unknown}
 C - a potion of degeneration {unknown}
 D - a potion of magic {unknown}
Comestibles
 e - 5 bread rations
 m - a meat ration
 o - 5 fruits
 t - a royal jelly
 F - 2 slices of pizza
 G - a beef jerky


   Skills:
 + Level 5.7 Fighting
 + Level 4.4 Maces & Flails
 + Level 5.4 Armour
 + Level 5.5 Shields
 + Level 2.6 Invocations


You had 7 spell levels left.
You didn't know any spells.

Dungeon Overview and Level Annotations

Branches:
Dungeon (6/15)             Temple (1/1) D:4

Altars:
Cheibriados
Kikubaaqudgha
Makhleb
Nemelex Xobeh
Okawaru
Qazlal
Sif Muna
Trog
Vehumet
Xom
Yredelemnul
Zin

Shops:
D:4 ?   D:5 [


Innate Abilities, Weirdness & Mutations

You are resistant to torment.
Your stone body is resilient (AC +5).
You are immune to poison.
You resist negative energy.
You are resistant to electric shocks.
You can survive without breathing.
You are immune to petrification.
You are immune to rotting.


Message History

The giant frog hits you. You block the two-headed ogre's attack.
You block the two-headed ogre's attack.
You hit the two-headed ogre.
The two-headed ogre is heavily wounded.
The giant frog hits you but does no damage.
You block the giant frog's attack.
The two-headed ogre hits you with a giant club! x2
You hit the two-headed ogre.
The two-headed ogre is severely wounded.
You block the giant frog's attack.
The two-headed ogre hits you but does no damage.
The two-headed ogre hits you with a giant club!
The giant frog hits you but does no damage.
You hit the two-headed ogre.
The two-headed ogre is severely wounded.
The giant frog hits you but does no damage.
The two-headed ogre hits you with a giant club!
* * * LOW HITPOINT WARNING * * *
The two-headed ogre hits you with a giant club!!
You die...

.. ### .......<.. ...
........#[## #.###
.......F+... ...#
.$......##.#####.######
.......O..............#
#.......##.#.....####.##
........##F#.##.)# #..#
........O@.......#####.###
.......................>..
...###...#.#.........#.)##
.........#................
........#####............
.......... ............
#.....##.#. .....(...#..
...... #.#. ........#..
...... #.# # .......#.#


You could see a two-headed ogre and a giant frog.

Vanquished Creatures
  A phantom (D:4)
  2 ogres (D:4)
  A crimson imp (D:5)
  A centaur skeleton (D:4)
  A hound (D:5)
  An iguana (D:5)
  3 orc wizards
  5 worker ants
  A hound zombie (D:5)
  10 adders
  An ooze (D:2)
  An adder skeleton (D:4)
  5 worms
  5 giant geckos
  15 orcs
  5 giant cockroaches
  10 hobgoblins
  2 jackals (D:2)
  15 kobolds
  A quokka (D:2)
  4 ball pythons
  10 bats
  13 giant newts
  12 goblins
  A jackal zombie (D:5)
  17 rats
143 creatures vanquished.

Notes
Turn   | Place    | Note
--------------------------------------------------------------
     0 | D:1      | Fluffy the Gargoyle Fighter began the quest for the Orb.
     0 | D:1      | Reached XP level 1. HP: 14/14 MP: 1/1
   120 | D:1      | Reached XP level 2. HP: 12/19 MP: 2/2
   649 | D:2      | Reached XP level 3. HP: 23/23 MP: 3/3
   851 | D:2      | Reached skill level 4 in Armour
   851 | D:2      | Reached XP level 4. HP: 29/29 MP: 4/4
  1162 | D:2      | Reached XP level 5. HP: 27/33 MP: 5/5
  2485 | D:4      | Found a staircase to the Ecumenical Temple.
  2485 | D:4      | Noticed a phantom
  2510 | D:4      | Killed a phantom
  2510 | D:4      | Reached XP level 6. HP: 29/40 MP: 6/6
  2525 | Temple   | Entered the Ecumenical Temple
  2741 | Temple   | Became a worshipper of Makhleb the Destroyer
  2798 | D:4      | Noticed an ogre
  2812 | D:4      | Killed an ogre
  2812 | D:4      | Reached skill level 5 in Fighting
  2812 | D:4      | Reached skill level 5 in Armour
  3083 | D:4      | Found Beycwus's Magic Scroll Emporium.
  3096 | D:4      | Reached skill level 1 in Invocations
  3103 | D:4      | Reached XP level 7. HP: 44/44 MP: 7/7
  3194 | D:4      | Found an iron altar of Okawaru.
  3269 | D:4      | Noticed an ogre
  3277 | D:4      | Killed an ogre
  3277 | D:4      | Reached skill level 5 in Shields
  3372 | D:5      | Entered Level 5 of the Dungeon
  3387 | D:5      | Acquired Makhleb's first power
  3548 | D:5      | Found Xuciacsue's Antique Armour Emporium.
  4304 | D:6      | Acquired Makhleb's second power
  4319 | D:6      | Reached XP level 8. HP: 41/51 MP: 9/9
  4371 | D:6      | Noticed a two-headed ogre
  4382 | D:6      | Mangled by a two-headed ogre

Vault maps used:
D:1:      lemuel_arrival_behind_the_door_small, minmay_lizard_king
D:2:      minmay_joined_circles
D:4:      temple_hall, serial_shops, shop_fountains, okawaru_gym_becter
D:5:      serial_shops, shop, first_bread
D:6:      nicolae_overflow_crystal_walls, minitemple, minivault_5
Temple:   chambers_temple_12

Action                   |  1- 3 |  4- 6 |  7- 9 || total
-------------------------+-------+-------+-------++-------
Melee: Flail             |   162 |   271 |   183 ||   616
  Eat: Chunk             |       |     8 |     5 ||    13
